Unix NetHack Version 5.0.0-0 post-release - last build May  4 2026 22:22:43 (774f63e81ad911689b3a0859ea89b322d5daca8d,branch:main).

Game began 2026-05-08 05:20:31, ended 2026-05-08 05:38:10.

31245981910, lawful female human Monk

                                                                        ------
                                                                 --    --.--.--
                                                                 .|-----......|
                                                                ..--.........-|
                                                              --.-|..-----....|
                                                              |..--%-|..--...--
                                                             --.-...--.......--
                                                     ---------.?...-..........|
                                                     -...F@.......?..........--
                                                       -------........>.....-|
                                                             --.----.........-
                                                              |.-  -..........|
                                                              |.  -..........--
                                                              --.............|
                                                               |.............|
                                                               ----..........|
                                                                  --------...|
                                                                         ---.|
                                                                           ---

31245981910 the Novice          St:18 Dx:18 Co:10 In:9 Wi:10 Ch:10  Lawful
Dlvl:6  $:33 HP:0(33) Pw:22(22) AC:2  Xp:5 T:1181  Hallu

Latest messages:
 You kill the dwarf mummy!
 You hit the Ravenous Bugblatter Beast of Traal!
 The arch-lich gets angry!
 You kill the homunculus!
 What do you want to drink? [dlt or ?*] ?
 This tastes like 10% real slime mold juice all-natural beverage.
 Call an effervescent potion: effevescent
 You kill the scorpion!
 You see here a newt corpse.
 What do you want to drink? [dt or ?*] >
 You don't have that object.
 What do you want to drink? [dt or ?*] t
 You sense the presence of monsters.
 (For instructions type a '?')
 Move cursor to monster of interest:
 Done.
 What do you want to drink? [d or ?*] d
 You feel better.
 You kill the giant spider!
 You see here a gecko corpse.
 You feel your magical energy drain away!
 A trap door opens up under you!
 You fall down a deep shaft!
 The wiggle wields a rusty thonged club!
 The iron piercer secures the tether on the thonged club.
 The troll swings their thonged club.
 The aria elemental hits!
 You kill the elf-lady!
 The air crackles around the baby gray dragon.
 You hit the fog cloud!
 The troll points at you, then curses.
 You kill the giant mango!
 You kill the kobold lady!
 Welcome to experience level 5.
 You feel stealthy!
 You hear crashing rock.
 You hit the rock troll!
 You kill the large cat!
 You miss the fire ant.
 The luck sucker bites!
 The titanothere stings!
 You hit the gray ooze!
 The holloway bites!
 The Grey-elf stings!
 You die...
 Do you want your possessions identified? [ynq] (y) y
 Do you want to see your attributes? [ynq] (y) y
 Do you want an account of creatures vanquished? [ynaq] (y) y
 Do you want to see your conduct and achievements? [ynq] (y) y
 Do you want to see the dungeon overview? [ynq] (y) y

Inventory:
 Coins    ('$')
  $ - 33 gold pieces
 Weapons  (')')
  u - 2 +0 crossbow bolts
  m - a +0 orcish dagger
 Armor    ('[')
  a - an uncursed +2 pair of leather gloves (being worn)
  q - a blessed +0 pair of iron shoes (being worn)
  b - an uncursed +1 robe (being worn)
 Comestibles  ('%')
  f - 4 uncursed apples
  e - 3 uncursed food rations
  h - 3 uncursed fortune cookies
  g - 5 uncursed oranges
 Scrolls  ('?')
  c - an uncursed scroll of identify
  k - an uncursed scroll of light
 Spellbooks  ('+')
  i - a blessed spellbook of healing
 Potions  ('!')
  d - an uncursed potion of healing
 Rings    ('=')
  n - an uncursed +3 ring of gain constitution
 Tools    ('(')
  p - an expensive camera (0:30)
  j - a magic marker (0:19)
 Gems/Stones  ('*')
  r - an uncursed jasper stone
  o - an uncursed worthless piece of orange glass
  s - an uncursed worthless piece of red glass

31245981910 the Monk's attributes:

Background:
 You were a Novice, a level 5 female human Monk.
 You were lawful, nominally on a mission for Shan Lai Ching
 who was opposed by Chih Sung-tzu (neutral) and Huan Ti (chaotic).
 You were right-handed.
 You were in the Gnomish Mines, on level 6.
 You entered the dungeon 1181 turns ago.
 It was nighttime.
 You had 191 experience points, 129 more were needed to attain level 6.

Basics:
 You had 0 out of 33 hit points.
 You had all 22 energy points (spell power).
 Your armor class was 2.
 Your wallet contained 33 credit chits.
 Autopickup was off.

Final Characteristics:
 Your strength was 18 (limit:18/100).
 Your dexterity was 18 (limit:18).
 Your constitution was 10 (limit:18).
 Your intelligence was 9 (limit:18).
 Your wisdom was 10 (limit:18).
 Your charisma was 10 (limit:18).

Final Status:
 You were hallucinating.
 You weren't hungry.
 You were unencumbered.
 You were empty handed.
 You had basic skill with martial arts.

Final Attributes:
 You were stridently aligned.
 You were sleep resistant.
 You were poison resistant.
 You saw invisible.
 You were stealthy.
 You were guarded.
 Your spell casting was enhanced by wearing a robe.
 You were fast.
 You are dead.

Miscellaneous:
 You encountered 1 bones level.
 Total elapsed playing time was 17 minutes and 38 seconds.

Major events:
 Turn
    1: 31245981910 the lawful female human Monk entered the dungeon
  762: entered the Gnomish Mines
  769: attained the rank of Novice (level 3)
 1181: killed by a hallucinogen-distorted soldier ant

Spells:
 Name                 Level Category     Fail Retention
 healing                1   healing        0%  91%-100%

Skills:
 Fighting Skills
   martial arts       [Basic]
 Weapon Skills
   quarterstaff       [Unskilled]
   spear              [Unskilled]
   crossbow           [Unskilled]
   shuriken           [Unskilled]
 Spellcasting Skills
   attack spells      [Unskilled]
   healing spells     [Basic]
   divination spells  [Unskilled]
   enchantment spells [Unskilled]
   clerical spells    [Unskilled]
   escape spells      [Unskilled]
   matter spells      [Unskilled]

Voluntary challenges:
 Character rerolling was not enabled.
 You were an atheist.
 You never hit with a wielded weapon.
 You were illiterate.
 You never genocided any monsters.
 You never polymorphed an object.
 You never changed form.
 You used no wishes.
Achievements:
 You entered a shop.
 You entered the Gnomish Mines.
 You attained the rank of Novice.

 The Dungeons of Doom: levels 1 to 2
    Level 1:
       Some fountains, some graves.
    Level 2:
       A general store.
       Stairs down to The Gnomish Mines.
 The Gnomish Mines: levels 3 to 6
    Level 3:
    Level 6: <- You were here.
       Final resting place for
          you, killed by a hallucinogen-distorted soldier ant,
          Drastanta-Sam-Hum-Mal-Law, killed by a soldier ant.


Vanquished creatures:
  a soldier ant
 an orc shaman
  a gnome leader
  a kitten
  3 dwarves
  a coyote
  a hobbit
  a yellow mold
 11 gnomes
  a gecko
  a jackal
  4 goblins
  3 grid bugs
  2 lichens
  a kobold zombie
  5 newts
38 creatures vanquished.

No species were genocided or became extinct.

Game over:
                       ----------
                      /          \
                     /    REST    \
                    /      IN      \
                   /     PEACE      \
                  /                  \
                  |   31245981910    |
                  |      33 Au       |
                  |   killed by a    |
                  | hallucinogen-dis |
                  |  torted soldier  |
                  |       ant        |
                  |       2026       |
                 *|     *  *  *      | *
        _________)/\\_//(\/(/\)/\//\/|_)_______

Goodbye 31245981910 the Monk...

You died in The Gnomish Mines on dungeon level 6 with 1054 points,
and 33 pieces of gold, after 1181 moves.
You were level 5 with a maximum of 33 hit points when you died.

